 Dungeon Crawl Stone Soup version 0.18-a0-952-g309898a (webtiles) character file.

64482 Gnarlagapoticus the Bludgeoner (level 15, -8/132 HPs)
             Began as a Gargoyle Fighter on Dec 30, 2015.
             Was a High Priest of Okawaru.
             Mangled by an orc warrior
             ... wielding a +0 halberd
              (23 damage)
             ... on level 2 of the Orcish Mines.
             The game lasted 01:22:40 (17394 turns).

Gnarlagapoticus the Bludgeoner (Gargoyle Fighter)  Turns: 17394, Time: 01:22:40

Health: -8/132     AC: 35    Str: 26 (29) XL:     15   Next: 13%
Magic:  27/31      EV: 17    Int: 14      God:    Okawaru [*****.]
Gold:   1096       SH: 13    Dex: 11      Spells: 0 memorised, 14 levels left

rFire  + . .     SeeInvis .     D - +9 morningstar "Xirir" {drain, rElec rC+}
rCold  + . .     Gourm    .     t - +1 plate armour
rNeg   + . .     Faith    .     c - +0 shield
rPois  ∞         Spirit   .     u - +3 hat of Pondering {ponderous, MR+ MP+10 Int+5}
rElec  +         Dismiss  .     E - +0 cloak {+Inv}
rCorr  .         Reflect  .     b - +2 pair of gloves {archery}
SustAt .         Harm     .     M - +0 pair of boots
MR     ++...     Rnd*Rage +     B - amulet of rage
Stlth  ..........               H - +3 ring of evasion
                                V - ring of protection from fire

@: berserking (expiring), heroism, corroded equipment, very quick, very
resistant to hostile enchantments, extremely unstealthy
A: big wings, talons 1, berserk 1, deterioration 1, negative energy resistance
1, electricity resistance, unbreathing, petrification resistance, rot immunity,
MP-powered wands, sturdy frame 1, AC +11
a: Fly, Heroism, Finesse, Renounce Religion, Evoke Berserk Rage, Evoke
Invisibility


You were on level 2 of the Orcish Mines.
You worshipped Okawaru.
Okawaru was extremely pleased with you.
You were hungry.

You visited 4 branches of the dungeon, and saw 21 of its levels.
You also visited: Ice Cave.

You collected 1724 gold pieces.
You spent 628 gold pieces at shops.

Inventory:

Hand Weapons
 D - the +9 morningstar "Xirir" (weapon) {drain, rElec rC+}
   (You bought it in a shop on level 5 of the Dungeon)

   A truly terrible weapon, it drains the life of those it strikes.
   It protects you from cold.
   It insulates you from electricity.
Armour
 b - a +2 pair of gloves of archery (worn)
 c - a +0 shield (worn)
 t - a +1 plate armour (worn)
 u - the +3 hat of Pondering (worn) {ponderous, MR+ MP+10 Int+5}
   (You took it off Gastronok on level 8 of the Dungeon)

   It affects your intelligence (+5).
   It affects your resistance to hostile enchantments.
   It affects your magic capacity (+10).
 E - a +0 cloak of invisibility (worn)
 M - a +0 pair of boots (worn)
Jewellery
 o - an uncursed amulet of resist corrosion
 v - an uncursed ring of ice
 B - an amulet of rage (around neck)
 H - a +3 ring of evasion (right hand)
 K - an uncursed ring of sustain attributes
 V - a ring of protection from fire (left hand)
Scrolls
 a - 2 scrolls of enchant weapon
 i - 7 scrolls of teleportation
 k - a scroll of fear
 p - 5 scrolls of identify
 s - 2 scrolls of blinking
 w - a scroll of holy word
 x - a scroll of torment
 z - 5 scrolls of remove curse
 A - 4 scrolls of fog
 I - 4 scrolls of magic mapping
 O - a scroll of silence
 W - 3 scrolls of enchant armour
 X - a scroll of acquirement
Potions
 d - 3 potions of ambrosia
 e - 2 potions of magic
 h - 6 potions of haste
 j - 9 potions of curing
 m - 3 potions of cancellation
 n - 4 potions of flight
 r - 3 potions of resistance
 C - 4 potions of lignification
 J - a potion of cure mutation
 L - a potion of agility
 N - 2 potions of heal wounds
 P - 3 potions of brilliance
 T - a potion of invisibility
 U - a potion of mutation
 Z - a potion of berserk rage
Miscellaneous
 y - a phial of floods
 Q - a lamp of fire
Comestibles
 f - 14 bread rations
 g - 5 meat rations
 l - 9 fruits
 q - 15 slices of pizza
 F - 5 chunks of flesh


   Skills:
 - Level 8.0(13.0) Fighting
 + Level 16.9(21.9) Maces & Flails
 - Level 10.3(15.3) Armour
 - Level 10.7(15.7) Dodging
 - Level 8.1(13.1) Shields
 - Level 8.4 Invocations


You had 14 spell levels left.
You didn't know any spells.

Dungeon Overview and Level Annotations

Branches:
Dungeon (14/15)            Temple (1/1) D:5            Lair (4/8) D:11
  Swamp (0/4) Lair:4       Spider (0/4) Lair:4          Orc (2/2) D:10
    Elf (0/3) Orc:2        Vaults (0/5) D:14

Altars:
Ashenzari
Cheibriados
Dithmenos
Elyvilon
Kikubaaqudgha
Makhleb
Nemelex Xobeh
Okawaru
Pakellas
Qazlal
Ru
Sif Muna
Trog
Xom
Zin
The Shining One

Shops:
D:5 :((%   D:10 *   Orc:1 !   Orc:2 [?=


Innate Abilities, Weirdness & Mutations

You are resistant to torment.
Your stone body is resilient (AC +11).
You are immune to poison.
Your large and strong wings let you fly indefinitely.
You resist negative energy.
You are resistant to electric shocks.
You can survive without breathing.
You are immune to petrification.
You are immune to rotting.
You have sharp toenails.
You tend to lose your temper in combat.
Your body sometimes deteriorates upon taking damage.
You expend magic power (3 MP) to strengthen your wands.
Your movements are slightly less encumbered by armour (ER -2).


Message History

You hit the chaos spawn.
The chaos spawn is moderately wounded.
The orc high priest prays to Beogh.
The orc wizard casts a spell.
The orc wizard seems to speed up.
The orc sorcerer gestures at you while chanting.
The bolt of negative energy misses the chaos spawn.
The bolt of negative energy misses you. You block the orc warrior's attack.
You block the orc warrior's attack. You block the chaos spawn's attack.
You block the rust devil's attack.
You sock the rust devil!
You kill the rust devil!
You block the orc warrior's attack. The orc hits you but does no damage.
A warg comes into view.
Unknown command.
The warg howls!
The orc knight roars a battlecry!
The orcs go into a battle-frenzy!
The chaos spawn closely misses you. You block the orc warrior's attack.
The orc warrior hits you with a halberd!!
You die...

...............
..................P.P...
......)....#............
.....))....#e..........P
.....)......#...$.....PP
.............#..#.......
.........#.....ooo...o..
.......####....)3oo.....
.........#....((@o3.....
..............))oo......
.......<...........o..$.
...................o....
#.......##..........3h..
.........#(.........#4..
).......................
))))))#....##.........>#
#)#).................


You could see an orc knight, an orc high priest, a sun demon, a rust devil, a
deep elf mage, a smoke demon, a chaos spawn, a warg, an orc sorcerer, 6 orc
warriors, an orc wizard (frenzied) and an orc (frenzied).

Vanquished Creatures
  Gastronok (D:8)
  2 orc warlords (Orc:2)
  An ettin (D:10)
  4 hydras
  The ghost of tehphobia the Cleaver, a journeyman HOFi of Okawaru (D:11)
  The ghost of Grimpse the Impaler, a journeyman MiBe of Trog (Lair:2)
  Erolcha (D:8)
  The ghost of HamOfTruth the Protected, a journeyman GrBe of Trog (D:12)
  3 death yaks (Lair:3)
  An orc high priest (Orc:2)
  A tengu warrior (D:13)
  Nergalle (Lair:3)
  A deep elf knight (D:14)
  Sonja (D:12)
  A skeletal warrior (D:14)
  An unseen horror (D:14)
  A swamp dragon (Lair:4)
  Pikel (D:5)
  4 deep elf magi
  A wolf spider (Lair:3)
  5 hill giants
  15 ugly things
  4 orc knights
  3 orc sorcerers
  3 black mambas
  8 spiny frogs
  2 ice statues (IceCv)
  A kobold demonologist (D:14)
  An efreet (D:13)
  5 komodo dragons
  14 blink frogs
  4 trolls
  2 fire drakes
  2 two-headed ogres
  2 polar bears (Lair:4)
  Prince Ribbit (D:5)
  5 slime creatures (D:14)
  21 yaks
  A redback (Lair:4)
  A human (D:14)
  Sigmund (D:6)
  2 steam dragons (D:11)
  2 wyverns
  3 hungry ghosts
  2 basilisks (Lair:3)
  7 hippogriffs
  4 wargs (Orc:2)
  A mottled dragon (D:14)
  5 sky beasts
  3 wolves (Lair:1)
  6 water moccasins
  9 porcupines
  Duvessa (D:6)
  3 black bears
  15 ice beasts
  2 necrophages
  22 orc warriors
  A wasp (D:14)
  An eye of draining (D:14)
  2 phantoms
  9 crocodiles
  15 ogres
  4 big kobolds
  8 centaurs
  13 giant frogs
  2 wyvern skeletons
  Dowan (D:6)
  4 scorpions
  8 wights
  25 killer bees
  3 crimson imps
  2 jellies
  A giant frog zombie (D:9)
  A centaur zombie (D:12)
  13 orc priests
  4 hounds
  16 orc wizards
  Crazy Yiuf (D:7)
  10 centaur skeletons
  A giant frog skeleton (D:4)
  11 worker ants
  15 iguanas
  A quasit (D:10)
  A hound zombie (D:7)
  2 hound skeletons
  A worker ant zombie (D:8)
  27 river rats
  20 adders
  3 shadow imps
  An adder skeleton (D:8)
  2 adder zombies (D:8)
  6 worms
  6 giant geckos
  96 orcs
  9 bats
  7 goblins
  8 hobgoblins
  6 jackals
  3 ball pythons
  7 giant cockroaches
  A giant gecko skeleton (D:4)
  4 giant newts
  A jackal skeleton (D:6)
  19 kobolds
  7 quokkas
  A quokka skeleton (D:4)
  10 rats
  2 fungi (D:11)
  2 plants
641 creatures vanquished.

Vanquished Creatures (others)
  A hound (D:5)
  An iguana (Lair:4)
  12 fungi
  A plant (Lair:3)
15 creatures vanquished.

Grand Total: 656 creatures vanquished

Notes
Turn   | Place    | Note
--------------------------------------------------------------
     0 | D:1      | Gnarlagapoticus the Gargoyle Fighter began the quest for the Orb.
     0 | D:1      | Reached XP level 1. HP: 14/14 MP: 1/1
   179 | D:1      | Reached XP level 2. HP: 19/19 MP: 2/2
   677 | D:2      | Reached XP level 3. HP: 12/23 MP: 3/3
   914 | D:2      | Reached skill level 4 in Maces & Flails
   936 | D:2      | Reached XP level 4. HP: 7/28 MP: 4/4
  1867 | D:3      | Reached skill level 5 in Maces & Flails
  1867 | D:3      | Reached XP level 5. HP: 28/32 MP: 5/5
  2640 | D:4      | Reached skill level 6 in Maces & Flails
  2663 | D:5      | Entered Level 5 of the Dungeon
  2683 | D:5      | Reached XP level 6. HP: 37/37 MP: 6/6
  2783 | D:5      | Found Pinuimp's Antique Weapon Emporium.
  2802 | D:5      | Found a staircase to the Ecumenical Temple.
  2822 | Temple   | Entered the Ecumenical Temple
  2925 | Temple   | Became a worshipper of Warmaster Okawaru
  3038 | D:5      | Noticed Pikel
  3076 | D:5      | Killed Pikel
  3076 | D:5      | Reached * piety under Okawaru
  3076 | D:5      | Reached skill level 8 in Maces & Flails
  3076 | D:5      | Reached XP level 7. HP: 17/41 MP: 7/7
  3161 | D:5      | Reached skill level 9 in Maces & Flails
  3161 | D:5      | Reached XP level 8. HP: 17/46 MP: 8/8
  3210 | D:5      | Found Viurr's Antique Weapon Emporium.
  3219 | D:5      | Bought a scorched morningstar for 171 gold pieces
  3219 | D:5      | Identified the +9 morningstar "Xirir" {drain, rElec rC+} (You bought it in a shop on level 5 of the Dungeon)
  3283 | D:5      | Gained mutation: Your mind is acute. (Int +2) [mutagenic meat]
  3367 | D:5      | Found Uronkolu's Book Boutique.
  3526 | D:5      | Noticed Prince Ribbit
  3530 | D:5      | Killed Prince Ribbit
  3530 | D:5      | Reached skill level 10 in Maces & Flails
  3565 | D:5      | Found a white marble altar of Elyvilon.
  3711 | D:5      | Found Baumen's Food Shoppe.
  3838 | D:6      | Reached ** piety under Okawaru
  3956 | D:6      | Found an oddly glowing altar of Pakellas.
  3956 | D:6      | Found a glowing silver altar of Zin.
  4034 | D:6      | Reached skill level 5 in Fighting
  4052 | D:6      | Noticed Sigmund
  4053 | D:6      | Noticed Dowan
  4102 | D:6      | Killed Sigmund
  4102 | D:6      | Reached XP level 9. HP: 49/55 MP: 9/9
  4138 | D:6      | HP: 2/56 [orc warrior/long sword (10)]
  4568 | D:6      | Found a shadowy altar of Dithmenos.
  4572 | D:6      | Noticed Duvessa
  4594 | D:6      | Killed Dowan
  4612 | D:6      | Killed Duvessa
  4713 | D:6      | Reached *** piety under Okawaru
  4713 | D:6      | Reached skill level 1 in Invocations
  5119 | D:7      | Reached skill level 5 in Invocations
  5200 | D:7      | Noticed Crazy Yiuf
  5205 | D:7      | Killed Crazy Yiuf
  5777 | D:8      | Reached skill level 5 in Armour
  5777 | D:8      | Reached XP level 10. HP: 17/64 MP: 14/14
  5833 | D:8      | Noticed Gastronok
  5862 | D:8      | Killed Gastronok
  5862 | D:8      | Reached **** piety under Okawaru
  5862 | D:8      | Reached ***** piety under Okawaru
  6008 | D:8      | Reached skill level 10 in Armour
  6336 | D:8      | Noticed Erolcha
  6344 | D:8      | Killed Erolcha
  6344 | D:8      | Received a gift from Okawaru
  6344 | D:8      | Reached skill level 5 in Shields
  6344 | D:8      | Reached XP level 11. HP: 66/68 MP: 15/15
  6678 | D:9      | Found a shattered altar of Ashenzari.
  6702 | D:9      | Found an ancient bone altar of Kikubaaqudgha.
  6720 | D:9      | You fall through a shaft!
  6720 | D:10     | Entered Level 10 of the Dungeon
  6720 | D:10     | Noticed a hill giant
  6727 | D:10     | Killed a hill giant
  6900 | D:10     | Found Detrum's General Store.
  6940 | D:10     | Found a staircase to the Orcish Mines.
  7353 | D:11     | Noticed a hill giant
  7360 | D:11     | Killed a hill giant
  7464 | D:11     | Reached skill level 1 in Dodging
  7486 | D:11     | Noticed tehphobia's ghost (journeyman HOFi)
  7501 | D:11     | Killed tehphobia's ghost
  7584 | D:11     | Found a staircase to the Lair.
  7736 | D:11     | Noticed a hill giant
  7745 | D:11     | Killed a hill giant
  8125 | D:11     | You fall through a shaft for 3 floors!
  8138 | D:14     | Reached skill level 5 in Dodging
  8219 | D:14     | Received a gift from Okawaru
  8236 | D:14     | Killed an unseen horror
  8236 | D:14     | Reached XP level 12. HP: 64/73 MP: 16/16
  8421 | D:14     | Found a gate to the Vaults.
  8837 | D:14     | Reached skill level 10 in Dodging
  8848 | D:14     | Gained mutation: You have sharp toenails. [mutagenic meat]
  8850 | D:14     | Gained mutation: Your body sometimes deteriorates upon taking damage. [mutagenic meat]
  8851 | D:14     | Gained mutation: You regenerate slowly when monsters are visible. [mutagenic meat]
  8852 | D:14     | Gained mutation: You possess an exceptional clarity of mind. [mutagenic meat]
  8854 | D:14     | Lost mutation: Your mind is acute. (Int +2) [potion of cure mutation]
  8854 | D:14     | Lost mutation: You have sharp toenails. [potion of cure mutation]
  8854 | D:14     | Lost mutation: Your body sometimes deteriorates upon taking damage. [potion of cure mutation]
  8854 | D:14     | Lost mutation: You regenerate slowly when monsters are visible. [potion of cure mutation]
  8854 | D:14     | Lost mutation: You possess an exceptional clarity of mind. [potion of cure mutation]
  8904 | D:14     | Reached XP level 13. HP: 78/78 MP: 17/17
  8935 | D:14     | Found a sacrificial altar of Ru.
  8975 | D:14     | Gained mutation: Scrolls take you a little longer to read. [mutagenic meat]
  8976 | D:14     | Gained mutation: Your movements are slightly less encumbered by armour (ER -2). [mutagenic meat]
  9000 | D:14     | Gained mutation: You are frail (-10% HP). [mutagenic meat]
  9001 | D:14     | Gained mutation: You are resistant to hostile enchantments. [mutagenic meat]
  9002 | D:14     | Gained mutation: You are agile. (Dex +2) [mutagenic meat]
  9003 | D:14     | Gained mutation: You tend to lose your temper in combat. [mutagenic meat]
  9059 | D:13     | Received a gift from Okawaru
  9059 | D:13     | Reached skill level 11 in Maces & Flails
  9067 | D:13     | Gained mutation: You have sharp toenails. [mutagenic meat]
  9244 | D:13     | Gained mutation: You are dopey. (Int -2) [mutagenic meat]
  9367 | D:13     | Lost mutation: You are agile. (Dex +2) [potion of cure mutation]
  9367 | D:13     | Lost mutation: You are frail (-10% HP). [potion of cure mutation]
  9367 | D:13     | Lost mutation: You tend to lose your temper in combat. [potion of cure mutation]
  9367 | D:13     | Lost mutation: You are dopey. (Int -2) [potion of cure mutation]
  9367 | D:13     | Lost mutation: Scrolls take you a little longer to read. [potion of cure mutation]
  9367 | D:13     | Lost mutation: You are resistant to hostile enchantments. [potion of cure mutation]
  9794 | D:12     | Reached skill level 12 in Maces & Flails
  9833 | D:12     | Identified a scroll of acquirement
  9867 | D:12     | Noticed HamOfTruth's ghost (journeyman GrBe)
  9869 | D:12     | Noticed Sonja
  9908 | D:12     | Killed HamOfTruth's ghost
  9913 | D:12     | Killed Sonja
 10501 | D:12     | Reached skill level 13 in Maces & Flails
 10798 | D:8      | Gained mutation: Your body sometimes deteriorates upon taking damage. [mutagenic meat]
 10799 | D:8      | Gained mutation: You tend to lose your temper in combat. [mutagenic meat]
 10801 | D:8      | Gained mutation: You expend magic power (3 MP) to strengthen your wands. [mutagenic meat]
 10822 | D:6      | Found an iron altar of Okawaru.
 11064 | Lair:1   | Entered Level 1 of the Lair of Beasts
 11394 | Lair:1   | Upgraded the game from 0.18-a0-946-g3ac5b32 to 0.18-a0-952-g309898a
 12092 | Lair:2   | Received a gift from Okawaru
 12321 | Lair:2   | Noticed Grimpse's ghost (journeyman MiBe)
 12339 | Lair:2   | Killed Grimpse's ghost
 12535 | Lair:2   | Gained mutation: Your large and strong wings let you fly indefinitely. [Gargoyle growth]
 12535 | Lair:2   | Reached XP level 14. HP: 84/84 MP: 20/20
 13113 | Lair:3   | Noticed Nergalle
 13123 | Lair:3   | Killed Nergalle
 13323 | Lair:3   | Reached skill level 14 in Maces & Flails
 13570 | Lair:3   | Found a frozen archway.
 13614 | IceCv    | Entered an ice cave
 14318 | Lair:3   | Received a gift from Okawaru
 14996 | Lair:4   | Reached skill level 15 in Maces & Flails
 15155 | Lair:4   | Found a staircase to the Swamp.
 15366 | Lair:4   | Received a gift from Okawaru
 15662 | Lair:4   | Found a hole to the Spider Nest.
 16106 | Orc:1    | Entered Level 1 of the Orcish Mines
 16512 | Orc:1    | Reached skill level 16 in Maces & Flails
 16568 | Orc:1    | Found Iffom's Distillery.
 16579 | Orc:1    | Bought a potion of haste for 150 gold pieces
 16579 | Orc:1    | Bought 2 potions of curing for 90 gold pieces
 16579 | Orc:1    | Bought a potion of heal wounds for 75 gold pieces
 16579 | Orc:1    | Bought a potion of curing for 45 gold pieces
 16702 | Orc:2    | Entered Level 2 of the Orcish Mines
 16837 | Orc:2    | Found Zal Witt's Magic Scroll Shop.
 16863 | Orc:2    | Bought a scroll of blinking for 97 gold pieces
 16880 | Orc:2    | Noticed an orc warlord
 16942 | Orc:2    | Noticed an orc warlord
 16964 | Orc:2    | Killed an orc warlord
 16964 | Orc:2    | Reached XP level 15. HP: 32/88 MP: 21/21
 17001 | Orc:2    | Found Pugav's Jewellery Shop.
 17277 | Orc:2    | Found Nuomuirr's Antique Armour Boutique.
 17394 | Orc:2    | Found a staircase to the Elven Halls.
 17394 | Orc:2    | Mangled by an orc warrior

Vault maps used:
D:1:      dpeg_arrival_radiant
D:2:      minmay_crystal_room, minmay_bad_closet
D:3:      fountainhead
D:4:      serial_corexii_hall, corexii_hall_statues_x, corexii_hall_statues_l,
          first_bread
D:5:      lemuel_doored_altar, minmay_temple_entry_overgrown, serial_shops,
          shop, nicolae_shop_overgrown_old_shop, nicolae_shop_waterfront,
          kennysheep_mini, hangedman_decor_opposing, uniq_pikel,
          uniq_prince_ribbit1
D:6:      lemuel_upstairs_altar, nicolae_dithmenos_shadow_blocks,
          amethyst_overflow_temple_binary, uniq_duvessa, uniq_sigmund
D:7:      uniq_crazy_yiuf_cottage
D:8:      uniq_erolcha, uniq_gastronok
D:9:      nicolae_overflow_quartered_altars
D:10:     orc_0_dummy, serial_shops, shop
D:11:     due_lair_maze_entry_diamond
D:12:     uniq_sonja
D:14:     hangedman_vaults_entry_quadrant_bands, grunt_pizzeria,
          nicolae_ru_the_path_less_chosen
Temple:   oiseaux_autumnal_temple_12
Lair:2:   grunt_megastairs_5
Lair:3:   minmay_lair_venomous_thicket, portal_ice_cave_entry_ice_beasts,
          uniq_nergalle
Lair:4:   minmay_swamp_entry_reptiles, spider_nest_entry_rubble,
          nicolae_lair_grove_arrangements, beast_lair_carwin_10
Orc:1:    serial_shops, nicolae_shop_temple_entry_statues_fountains
Orc:2:    grunt_orc_gardens, grunt_orc_garden, grunt_orc_garden,
          grunt_orc_garden, grunt_orc_garden, serial_shops, shop
IceCv:    ice_cave_statue_garden_01

Action                   |  1- 3 |  4- 6 |  7- 9 | 10-12 | 13-15 || total
-------------------------+-------+-------+-------+-------+-------++-------
Melee: Flail             |   130 |   221 |     9 |       |       ||   360
       Morningstar       |       |       |   179 |   507 |  1104 ||  1790
Invok: Heroism           |       |       |       |    14 |    16 ||    30
       Finesse           |       |       |       |     6 |     7 ||    13
 Abil: Evoke Berserk Rag |       |       |       |     3 |     5 ||     8
       Evoke Invisibilit |       |       |       |       |     1 ||     1
  Use: Scroll            |       |     9 |     9 |       |    14 ||    32
       Potion            |       |     1 |     4 |     1 |     3 ||     9
 Stab: Petrifying        |       |       |       |       |     1 ||     1
       Petrified         |       |       |       |       |     1 ||     1
       Distracted        |       |       |       |       |     1 ||     1
  Eat: Chunk             |       |     7 |    12 |    22 |    54 ||    95
       Beef jerky        |       |       |       |       |     1 ||     1
       Fruit             |       |       |       |       |     1 ||     1
